 Dungeon Crawl Stone Soup version 0.27-a0-1334-g2746e35aca (webtiles) character file.

Game seed: 17211407841380323807

77 bilbop the Caller (level 4, -3/24 HPs)
             Began as a Deep Elf Summoner on June 26, 2021.
             Slain by Sigmund (6 damage)
             ... on level 3 of the Dungeon.
             The game lasted 00:14:31 (2357 turns).

bilbop the Caller (Deep Elf Summoner)               Turns: 2357, Time: 00:14:32

Health: -3/24      AC:  2    Str:  5    XL:     4   Next: 13%
Magic:  6/11       EV: 13    Int: 20    God:
Gold:   29         SH:  0    Dex: 16    Spells: 7/10 levels left

rFire    . . .     SeeInvis .   a - +0 dagger
rCold    . . .     Faith    .   (no shield)
rNeg     . . .     Spirit   .   b - +0 robe
rPois    .         Reflect  .   c - +0 hat
rElec    .         Harm     .   (no cloak)
rCorr    .         Rampage  .   (no gloves)
Will     .....                  (no boots)
Stlth    ++........             (no amulet)
HPRegen  0.08/turn              h - +4 ring of slaying
MPRegen  0.12/turn              i - ring of flight

@: flying
A: no striking features
a: no special abilities


You were on level 3 of the Dungeon.
You visited 1 branch of the dungeon, and saw 3 of its levels.

You collected 29 gold pieces.

Inventory:

Hand Weapons
 a - a +0 dagger (weapon)
Armour
 b - a +0 robe (worn)
 c - a +0 hat (worn)
Jewellery
 h - a +4 ring of slaying (left hand)
 i - a ring of flight (right hand)
Scrolls
 d - a scroll of amnesia {unknown}
 f - 3 scrolls of identify {unknown}
 g - a scroll of fog {unknown}
 k - a scroll of enchant weapon {unknown}
Potions
 e - a potion of curing {unknown}
 j - a potion of might {unknown}
 l - a potion of brilliance {unknown}


   Skills:
 + Level 0.8 Fighting
 + Level 1.2 Short Blades
 + Level 3.2 Dodging
 + Level 3.3 Stealth
 + Level 3.5 Spellcasting
 + Level 4.7 Summonings


You had 7 spell levels left.
You knew the following spells:

 Your Spells              Type           Power      Damage    Failure   Level
a - Summon Small Mammal   Summ           88%        N/A       1%          1
b - Call Imp              Summ           22%        N/A       3%          2

Your spell library contained the following spells:

 Spells                   Type           Power      Damage    Failure   Level
 Call Canine Familiar     Summ           22%        N/A       6%          3
 Summon Guardian Golem    Hex/Summ       13%        N/A       16%         3
 Summon Ice Beast         Ice/Summ       13%        N/A       45%         4
 Summon Lightning Spire   Summ/Air       13%        N/A       45%         4


Dungeon Overview and Level Annotations

Branches:
Dungeon (3/15)

Altars:

Annotations:
D:3 Sigmund


Message History

Anything else - Cancel.
Gang up on whom?
Press: ? - help, Dir - move target, f - jackal
Aim: a jackal (ally target) Attack!
Your crimson imp closely misses the jackal.
The jackal bites your crimson imp.
Your crimson imp completely misses the jackal.
The jackal bites your crimson imp but does no damage.
Your white imp hits the jackal.
Your white imp freezes the jackal.
The jackal dies!
Something barely misses your white imp.
Your shadow imp barely misses something.
The teleport trap disappears.
A puff of flame appears from out of thin air!
The puff of flame hits you.
Your shadow imp hits something.
You reach down and open the door.
There is an open door here.
Something hits you!
Your shadow imp closely misses something.
Casting: Call Imp (safe; 3% risk of failure)
Confirm with . or Enter, or press ? or * to list all spells.
A shadowy apparition takes form in the air.
Something hits you!
* * * LOW HITPOINT WARNING * * *
Your shadow imp completely misses something.
What are your orders? t - Shout!
Orders for allies: a - Attack new target. r - Retreat! s - Stop attacking. g - Guard the area. f - Follow me.
Anything else - Cancel.
Gang up on whom?
Press: ? - help, Dir - move target There's nothing there!
You reach down and open the door.
Your shadow imp closely misses something.
Something hits you.
You die...

#... ###...### ........##
............# ............######
####### ............##...#
#......#
............##.5.#######......###
.............5.5@'..........>....
...........###...####### #....##.
...........####### #....##.
.....?........# #.......
....†....5....# #.......
....†.........# #..†....
...........[..# #######.....
.?............########...# #.####
.............).......'...###.#


You could see a friendly crimson imp (summoned) and 2 friendly shadow imps.

Vanquished Creatures
  A gnoll (D:1)
  A dart slug (D:3)
  2 giant cockroaches
  3 goblins
  3 hobgoblins
  A jackal (D:1)
  A kobold (D:1)
  2 ball pythons (D:3)
  3 frilled lizards
  3 rats
20 creatures vanquished.

Vanquished Creatures (collateral kills)
  Terence (D:2)
  An adder (D:3)
  A dart slug (D:1)
  2 endoplasms (D:1)
  A giant cockroach (D:1)
  3 hobgoblins
  7 jackals
  2 quokkas
  A ball python (D:1)
  4 bats
  3 frilled lizards
  5 goblins
  9 kobolds
  2 rats (D:1)
42 creatures vanquished.

Vanquished Creatures (others)
  A plant (D:1)
1 creature vanquished.

Grand Total: 63 creatures vanquished

Notes
Turn   | Place    | Note
-------+----------+-------------------------------------------
     0 | D:1      | bilbop the Deep Elf Summoner began the quest for the Orb.
     0 | D:1      | Reached XP level 1. HP: 10/10 MP: 6/6
   219 | D:1      | Reached XP level 2. HP: 15/15 MP: 8/8
   507 | D:1      | Found a faded altar of an unknown god.
   803 | D:1      | Reached XP level 3. HP: 19/20 MP: 6/9
  1349 | D:2      | Learned a level 2 spell: Call Imp
  1467 | D:2      | Reached skill level 1 in Short Blades
  1598 | D:2      | Noticed Terence
  1611 | D:2      | Killed Terence
  2186 | D:3      | Reached XP level 4. HP: 24/24 MP: 11/11
  2321 | D:3      | Noticed Sigmund
  2357 | D:3      | Slain by Sigmund

Illustrated notes

Levels and vault maps discovered:
D:1:      matt_arrival_grand_opening, layout_rooms,
          hellmonk_ecumenical_altar_run_dry, serial_forest,
          infiniplex_forest_pool, infiniplex_forest_zigzag_1,
          infiniplex_forest_3_way, infiniplex_forest_diagonal,
          infiniplex_forest_lined_room_2, minmay_heptomino_d4
D:2:      layout_rooms, uniq_terence
D:3:      layout_basic, uniq_sigmund

Skill      XL: |  1  2  3 |
---------------+----------+-----
Stealth        | 3 |  3.3
Dodging        | 3 |  3.2
Short Blades   | 1 |  1.2
Fighting       | |  0.8
Spellcasting   | |  3.5
Summonings     | |  4.7

Action                   |  1- 3 |  4- 6 || total
-------------------------+-------+-------++-------
Melee: Dagger            |    48 |     3 ||    51
 Cast: Summon Small Mamm |    47 |       ||    47
       Call Imp          |    10 |     8 ||    18
 Stab: Sleeping          |     9 |       ||     9
       Distracted        |     1 |       ||     1
Armor: Robe              |    15 |     1 ||    16
Dodge: Dodged            |    35 |     2 ||    37

Table legend: (Time is in decaauts)
 A = Elapsed time spent in this place.
 B = Non-inter-level travel time spent in this place.
 C = Inter-level travel time spent in this place.
 D = Time resting spent in this place.
 E = Time spent auto-exploring this place.
 F = Levels seen in this place.
 G = Mean time per level.
                   A        B        C        D        E       F      G
               +--------+--------+--------+--------+--------+-----+--------+
         Total |   2354 |   2316 |     38 |    403 |   1409 |   3 |  784.7 |
       Dungeon |   2354 |   2316 |     38 |    403 |   1409 |   3 |  784.7 |
               +--------+--------+--------+--------+--------+-----+--------+

Top non-repeatable levels by time:
     D:1: 1337 daAuts
     D:2: 715 daAuts
     D:3: 301 daAuts
